 Dungeon Crawl Stone Soup version 0.30-a0-305-g026cb31310 (webtiles) character file.

Game seed: 16956777093059071313

146268 ryw the Brawler (level 16, -6/134 HPs)
             Began as a Demonspawn Monk on Oct 22, 2022.
             Was the Champion of Hepliaklqana.
             Splashed by a goliath frog's acid (7 damage)
             ... called by a spriggan druid
             ... on level 3 of the Swamp on Oct 23, 2022.
             The game lasted 01:28:43 (36778 turns).

ryw the Brawler (Demonspawn Monk)                  Turns: 36778, Time: 01:28:43

Health: -6/134     AC:  1    Str: 19    XL:     16   Next: 89%
Magic:  23/24      EV: 18    Int: 19    God:    Hepliaklqana [******]
Gold:   1022       SH:  8    Dex: 31    Spells: 20/25 levels left

rFire   . . .      SeeInvis +      - Unarmed
rCold   . . .      Faith    .    N - +0 buckler
rNeg    . . .      Spirit   .    X - +5 robe of Night {Dark Will+ SInv}
rPois   +          Reflect  .    W - +2 hat
rElec   .          Harm     .    a - +1 cloak
rCorr   .          Rampage  .    (no gloves)
Will    ++...                    m - +0 pair of boots
Stlth   ++++......               Z - amulet of Ophetuxt {Regen+ Str+2 Dex+4}
HPRegen 1.22/turn                B - ring "Xezau" {rPois Int+4}
MPRegen 0.19/turn                C - ring "Dyeh" {Drain Int+4 Dex+6 Slay+3}

@: corroded
A: reduced essence, antennae 1, claws 2, demonic guardian 2, spiny 2, weakness
stinger 2, agile 1, robust 1
a: Renounce Religion, Recall Ancestor, Ancestor Identity, Transference, Idealise


You were on level 3 of the Swamp.
You worshipped Hepliaklqana.
Hepliaklqana was exalted by your worship.
You visited 6 branches of the dungeon, and saw 27 of its levels.

You collected 2712 gold pieces.
You spent 1690 gold pieces at shops.

Inventory:

Hand Weapons
 y - a +0 longbow of freezing
Missiles
 o - 5 curare-tipped darts
 x - 22 poisoned darts
 K - 5 datura-tipped darts
Armour
 a - a +1 cloak (worn)
 m - a +0 pair of boots (worn)
 N - a +0 buckler (worn)
 U - a +10 plate armour of ponderousness
 V - a +0 tower shield
 W - a +2 hat (worn)
 X - the +5 robe of Night (worn) {Dark Will+ SInv}
   (You bought it in a shop on level 11 of the Dungeon)

   It shrouds the wearer in darkness, reducing the range at which they can see
   and be seen by others.
   SInv:      It lets you see invisible.
   Will:      It increases your willpower.
Jewellery
 B - the ring "Xezau" (left claw) {rPois Int+4}
   (You found it on level 7 of the Dungeon)

   [ring of poison resistance]

   Int:       It affects your intelligence (+4).
   rPois:     It protects you from poison.
 C - the ring "Dyeh" (right claw) {Drain Int+4 Dex+6 Slay+3}
   (You found it on level 7 of the Dungeon)

   [ring of dexterity]

   Int:       It affects your intelligence (+4).
   Dex:       It affects your dexterity (+6).
   Slay:      It affects your accuracy & damage with ranged weapons and melee
   (+3).
   Drain:     It drains your maximum health when unequipped.
 D - the ring of Kierol {rElec rF+ Will+ Dex+5 Slay+3}
   (You found it on level 7 of the Dungeon)

   [ring of protection from fire]

   Dex:       It affects your dexterity (+5).
   Slay:      It affects your accuracy & damage with ranged weapons and melee
   (+3).
   rF:        It protects you from fire.
   rElec:     It insulates you from electricity.
   Will:      It increases your willpower.
 O - a ring of positive energy
 R - a ring of ice
 Z - the amulet of Ophetuxt (around neck) {Regen+ Str+2 Dex+4}
   (You found it on level 15 of the Dungeon)

   [amulet of regeneration]

   Str:       It affects your strength (+2).
   Dex:       It affects your dexterity (+4).
   Regen:     It increases your rate of health regeneration.
Wands
 c - a wand of flame (34)
 n - a wand of iceblast (10) (quivered)
 q - a wand of paralysis (39)
 F - a wand of digging (13)
 S - a wand of mindburst (5)
 T - a wand of polymorph (17)
Scrolls
 e - 11 scrolls of teleportation
 j - 3 scrolls of summoning
 r - 6 scrolls of fear
 s - 2 scrolls of amnesia
 t - 2 scrolls of immolation
 v - 4 scrolls of magic mapping
 A - 2 scrolls of enchant armour
 G - 3 scrolls of butterflies
 L - 5 scrolls of poison
 Q - 9 scrolls of identify
 Y - a scroll of enchant weapon
Potions
 d - 4 potions of mutation
 f - 3 potions of attraction
 g - 4 potions of cancellation
 h - 4 potions of flight
 i - 5 potions of might
 k - 5 potions of heal wounds
 l - 2 potions of resistance
 p - 4 potions of magic
 u - 7 potions of lignification
 w - 3 potions of berserk rage
 z - 2 potions of ambrosia
 E - 2 potions of invisibility
 I - 13 potions of curing
 J - a potion of haste
 M - 3 potions of brilliance
Miscellaneous
 b - a lightning rod (4/4)
 H - a phantom mirror
 P - a phantom mirror


   Skills:
 + Level 14.9 Fighting
 - Level 10.3 Armour
 + Level 6.1 Dodging
 - Level 5.6 Stealth
 + Level 8.3 Shields
 * Level 18.9 Unarmed Combat
 + Level 5.4 Spellcasting
 + Level 2.3 Necromancy
 + Level 2.0 Translocations
 - Level 8.0 Invocations


You had 20 spell levels left.
You knew the following spells:

 Your Spells              Type           Power      Damage    Failure   Level
a - Blink                 Tloc           24%        N/A       10%         2
b - Vampiric Draining     Necr           14%        2d7       17%         3

Your spell library contained the following spells:

 Spells                   Type           Power      Damage    Failure   Level
 Slow                     Hex            20%        N/A       14%         1
 Momentum Strike          Conj/Tloc      16%        3d8       14%         2
 Lesser Beckoning         Tloc           24%        N/A       19%         3
 Confusing Touch          Hex            5%         N/A       41%         3
 Hailstorm                Conj/Ice       5%         3d4       41%         3
 Inner Flame              Hex/Fire       5%         N/A       41%         3
 Ozocubu's Armour         Ice            5%         N/A       41%         3
 Stone Arrow              Conj/Erth      10%        3d7       41%         3
 Passage of Golubria      Tloc           12%        N/A       54%         4
 Cause Fear               Hex            2%         N/A       82%         4
 Ice Form                 Ice/Tmut       5%         N/A       82%         4
 Borgnjor's Vile Clutch   Necr/Erth      4%         N/A       94%         5
 Summon Forest            Summ/Tloc      4%         N/A       95%         5
 Alistair's Intoxication  Tmut/Pois      3%         N/A       99%         5
 Lee's Rapid Deconstruct  Erth           2%         3d5*      99%         5
 Silence                  Hex/Air        2%         N/A       99%         5
 Summon Mana Viper        Hex/Summ       5%         N/A       99%         5
 Eringya's Noxious Bog    Tmut/Pois      2%         N/A       100%        6
 Simulacrum               Ice/Necr       4%         N/A       100%        6
 Summon Cactus Giant      Summ           2%         N/A       100%        6
 Ozocubu's Refrigeration  Ice            2%         4d8       100%        7
 Borgnjor's Revivificati  Necr           7%         N/A       100%        8
 Discord                  Hex            2%         N/A       100%        8
 Lehudib's Crystal Spear  Conj/Erth      2%         10d2      100%        8
 Necromutation            Tmut/Necr      4%         N/A       100%        8
 Death's Door             Necr           7%         N/A       100%        9


Dungeon Overview and Level Annotations

Branches:
Dungeon (15/15)            Temple (1/1) D:4            Lair (5/5) D:10
  Swamp (3/4) Lair:3       Spider (0/4) Lair:3        Slime (0/5) Lair:4
    Orc (2/2) D:11            Elf (0/3) Orc:2        Vaults (0/5) D:13
 Depths (1/4) D:15

Altars:
Ashenzari
Cheibriados
Dithmenos
Fedhas
Gozag
Hepliaklqana
Kikubaaqudgha
Makhleb
Nemelex Xobeh
Okawaru
Qazlal
Ru
Sif Muna
Trog
Uskayaw
Vehumet
Wu Jian
Xom
Yredelemnul
Jiyva

Shops:
D:2 (   D:11 :!*[(   D:14 [   Orc:2 :![(

Annotations:
D:4 Dowan, Duvessa
D:8 Psyche
Temple 2 transporters


Innate Abilities, Weirdness & Mutations

Your life essence is reduced to manifest your ancestor. (-10% HP)
You have a pair of small antennae on your head.
You have very sharp fingernails.
A demonic guardian rushes to your aid.
You are mostly covered in sharp spines.
You have a tail ending in a sharp stinger.
You are agile. (Dex +4, Str/Int -1)
You are robust. (+10% HP)


Message History

The spriggan druid barely misses you.
The goliath frog is engulfed in noxious fumes.
You mangle the spriggan druid!! You tail-slap the spriggan druid.
The spriggan druid is severely wounded.
The spriggan druid barely misses you.
The goliath frog is engulfed in noxious fumes.
The goliath frog misses you.
You miss the spriggan druid.
Your tail-slap misses the spriggan druid.
The spriggan druid is severely wounded.
The spriggan druid mumbles some strange words.
The spriggan druid is healed somewhat.
The goliath frog is engulfed in noxious fumes.
The goliath frog hits you from afar!
You are splashed with acid.
A demonic guardian appears!
You closely miss the spriggan druid.
The spriggan druid is heavily wounded.
Unknown command.
You mangle the spriggan druid!!
With its final breath, the spriggan druid offers up its power to the beasts of the wild!
The goliath frog is healed.
The goliath frog seems to grow more fierce.
The swamp drake seems to grow more fierce.
You kill the spriggan druid!
The goliath frog hits you from afar!! The acid corrodes you!
You are splashed with acid!
The swamp drake misses your sixfirhy.
Your Translocations skill increases to level 2!
Okay, then.
Your sixfirhy misses the goliath frog. Your sixfirhy hits the goliath frog!
Your sixfirhy shocks the goliath frog!
The goliath frog hits you!
You are splashed with acid.
* * * LOW HITPOINT WARNING * * *
Your sixfirhy closely misses the goliath frog.
The swamp drake is struck by your spines.
The swamp drake closely misses you.
The goliath frog is struck by your spines.
The goliath frog hits you!!
* * * LOW HITPOINT WARNING * * *
A demonic guardian appears!
The acid corrodes you!
You are splashed with acid!
You die...

.~~~~~.♣ ~.~~~~♣♣ ~>~~~
~...~.♣♣♣.~~~.~
..♣.~~.♣~.~~§~~~
♣.♣~.~...~~....
~~♣~~~~~.~....
♣.♣~~~~~...#.######..~.~..
♣~♣~~~..~..#..#...#.......
♣♣~~~~.♣♣.....3k@.#..~...~
♣.~..♣♣♣..#..#F3.#..~~~~.
♣.~~♣♣ ♣..####.)##.....~.
♣..♣♣ ♣.........).)...♣♣
♣♣♣♣ ♣..#...#÷.#..~F.~~
♣..###'####..~~..♣
♣♣........(..~.~♣.
♣♣..........~.~..
♣♣♣♣♣~♣♣♣♣~~....


You could see a goliath frog (strong, poisoned, ally target), a swamp drake
(strong, ally target), a friendly sixfirhy (summoned) and a friendly smoke demon
(summoned).

Vanquished Creatures
  Saint Roka (Orc:2)
  Jorgrun (Orc:2)
  A sphinx (Depths:1)
  2 fenstrider witches
  An orc warlord (Orc:1)
  A stone giant (Depths:1)
  4 bunyips
  4 eleionomae
  3 fire dragons
  3 hydras
  3 catoblepae
  5 two-headed ogres
  3 centaur warriors
  4 boulder beetles
  2 dancing weapons (D:13)
  2 alligators (Swamp:1)
  4 tengu warriors
  3 death yaks (Lair:4)
  8 hell knights (D:15)
  3 orc high priests (Orc:2)
  Amaemon (D:8)
  Sonja (Orc:2)
  2 spriggan druids (Swamp:3)
  7 skeletal warriors
  7 goliath frogs
  A bog body (Swamp:1)
  2 wizards (D:15)
  3 necromancers (D:15)
  3 lindwurms
  8 orc knights
  2 deep elf pyromancers
  A wolf spider (Lair:4)
  A harpy (Depths:1)
  An oklob plant (Lair:3)
  21 ugly things
  5 cyclopes
  3 orc sorcerers
  11 elephants
  A moth of wrath (D:10)
  A manticore (D:12)
  An orange demon (D:8)
  6 black mambas (Lair:5)
  A guardian serpent (Lair:5)
  A naga mage (D:15)
  5 torpor snails (Lair:5)
  7 cane toads
  A centaur skeleton (D:15)
  2 gargoyles
  Maggie (D:5)
  3 unseen horrors
  3 kobold demonologists
  4 rime drakes
  7 komodo dragons
  2 freezing wraiths (D:15)
  3 efreet
  10 trolls
  13 tyrant leeches
  A bloated husk (Swamp:1)
  9 hornets
  2 polar bears
  19 blink frogs
  Sigmund (D:4)
  9 slime creatures
  A centaur simulacrum (D:15)
  2 culicivoras (Lair:3)
  4 shadows
  2 jumping spiders (Lair:3)
  11 wyverns
  2 vampires (D:12)
  30 yaks
  2 wraiths
  5 spriggans
  5 basilisks
  A steam dragon (D:8)
  10 vampire mosquitoes
  Menkaure (D:6)
  7 redbacks
  3 wargs
  A harpy simulacrum (D:15)
  Edmund (D:4)
  12 swamp worms
  2 acid dragons
  18 water moccasins
  5 hell hounds (D:15)
  A swamp drake (Swamp:1)
  25 orc warriors
  4 black bears
  2 ice beasts
  2 sky beasts
  A wolf (Lair:3)
  7 ogres
  9 centaurs
  A lemure (D:3)
  4 kobold brigands
  18 bullfrogs
  2 gnoll sergeants (D:9)
  2 scorpions
  A necrophage (D:7)
  11 wights (D:8)
  2 electric eels
  3 howler monkeys (D:8)
  5 hexers
  2 jellies
  4 hounds
  27 orc priests
  Crazy Yiuf (D:2)
  2 iguanas
  Natasha (thrice) (D:2)
  16 orc wizards
  A boggart simulacrum (D:15)
  Robin (D:4)
  16 gnolls
  7 adders
  A white imp (D:7)
  2 worms
  A dart slug (D:2)
  78 orcs
  6 endoplasms
  8 giant cockroaches
  12 goblins
  5 hobgoblins
  15 kobolds
  8 quokkas
  7 ball pythons
  2 bats
  A frilled lizard (D:1)
  10 rats
  A fungus (D:14)
713 creatures vanquished.

Vanquished Creatures (collateral kills)
  A fire giant (Depths:1)
  An eleionoma (Swamp:3)
  The ghost of IdlyInterested the Fighter, a journeyman DsWn (D:10)
  An alligator (Swamp:3)
  2 boulder beetles
  A two-headed ogre (D:11)
  2 orc high priests (Orc:2)
  A goliath frog (Swamp:2)
  A bog body (Swamp:2)
  A swamp dragon (Swamp:2)
  A lindwurm (Lair:5)
  A wizard (D:15)
  Pikel (D:3)
  A deep elf pyromancer (D:15)
  2 cyclopes (D:11)
  An orc knight (Orc:2)
  A wolf spider (Lair:5)
  2 elephants (Lair:4)
  4 ugly things
  Joseph (D:7)
  A black mamba (Lair:3)
  2 cane toads
  A torpor snail (Lair:4)
  A kobold demonologist (D:12)
  A troll (Orc:1)
  4 slime creatures
  8 hornets
  3 blink frogs
  3 spriggans
  6 yaks
  2 vampire mosquitoes (Swamp:1)
  5 water moccasins
  2 hell hounds (D:15)
  6 orc warriors (Orc:2)
  2 ogres
  2 wolves (Lair:3)
  3 wights (D:8)
  A lava snake (D:9)
  A jelly (Lair:4)
  A hound (D:5)
  A gnoll bouda (D:4)
  4 orc priests (Orc:2)
  An iguana (D:4)
  2 orc wizards (Orc:2)
  2 gnolls (D:4)
  13 orcs
105 creatures vanquished.

Vanquished Creatures (others)
  A will-o-the-wisp (Swamp:2)
  A bloated husk (Swamp:2)
  13 hexers
  An orc (Orc:2)
  4 foxfires (Swamp:2)
  28 fungi
  44 plants
92 creatures vanquished.

Grand Total: 910 creatures vanquished

Notes
Turn   | Place    | Note
-------+----------+-------------------------------------------
     0 | D:1      | ryw the Demonspawn Monk began the quest for the Orb.
     0 | D:1      | Reached XP level 1. HP: 18/18 MP: 1/1
   213 | D:1      | Gained mutation: You are partially covered in sharp spines.
                  | [demonic ancestry]
   213 | D:1      | Reached XP level 2. HP: 23/24 MP: 2/2
   364 | D:1      | Found a faded altar of an unknown god.
   569 | D:1      | Reached XP level 3. HP: 30/30 MP: 3/3
   831 | D:2      | Noticed Natasha
   837 | D:2      | Killed Natasha
   838 | D:2      | Reached skill level 1 in Armour
   871 | D:2      | Found Benerch's Antique Weapon Shoppe.
   885 | D:2      | Reached XP level 4. HP: 27/38 MP: 4/4
   946 | D:2      | Noticed Natasha
   960 | D:2      | Killed Natasha
  1167 | D:2      | Noticed Natasha
  1177 | D:2      | Killed Natasha
  1178 | D:2      | Reached skill level 5 in Fighting
  1395 | D:2      | Found a runed translucent door.
  1396 | D:2      | Noticed Crazy Yiuf
  1836 | D:3      | Gained mutation: A weak demonic guardian rushes to your
                  | aid. [demonic ancestry]
  1836 | D:3      | Reached XP level 5. HP: 42/44 MP: 5/5
  2681 | D:4      | Discovered your monstrous ancestry.
  2681 | D:4      | Gained mutation: You have sharp fingernails. [demonic
                  | ancestry]
  2681 | D:4      | Reached XP level 6. HP: 41/52 MP: 6/6
  2731 | D:4      | Noticed Duvessa
  2731 | D:4      | Noticed Dowan
  2755 | D:4      | Noticed Pikel
  2755 | D:4      | Found a staircase to the Ecumenical Temple.
  2842 | D:3      | Killed Pikel
  2843 | D:3      | Reached skill level 4 in Unarmed Combat
  2843 | D:3      | Gained mutation: A demonic guardian rushes to your aid.
                  | [demonic ancestry]
  2843 | D:3      | Reached XP level 7. HP: 20/57 MP: 7/7
  2980 | Temple   | Entered the Ecumenical Temple
  2980 | Temple   | Found a transporter.
  2980 | Temple   | Found a transporter.
  2982 | Temple   | Found a transporter.
  2982 | Temple   | Found a transporter.
  3067 | D:4      | Reached skill level 5 in Unarmed Combat
  3190 | D:4      | Noticed Robin
  3198 | D:4      | Killed Robin
  3241 | D:4      | Noticed Sigmund
  3248 | D:4      | Killed Sigmund
  3249 | D:4      | Gained mutation: You have very sharp fingernails. [demonic
                  | ancestry]
  3249 | D:4      | Reached XP level 8. HP: 63/64 MP: 8/8
  3294 | D:4      | Reached skill level 6 in Unarmed Combat
  3401 | D:4      | Noticed Edmund
  3443 | D:4      | Killed Edmund
  3444 | D:4      | Reached skill level 5 in Armour
  4257 | D:5      | Entered Level 5 of the Dungeon
  4571 | D:2      | Killed Crazy Yiuf
  4982 | D:5      | Reached skill level 7 in Unarmed Combat
  5399 | D:5      | Found an ornate altar of the Wu Jian Council.
  5707 | D:6      | Noticed Maggie
  6042 | D:6      | Gained mutation: You have a small tail. [demonic ancestry]
  6042 | D:6      | Reached XP level 9. HP: 65/69 MP: 9/9
  6279 | D:6      | Noticed Menkaure
  6392 | D:5      | Killed Maggie
  6393 | D:5      | Reached skill level 8 in Unarmed Combat
  6602 | D:6      | Killed Menkaure
  6780 | D:6      | Found a shadowy altar of Dithmenos.
  6785 | D:6      | Found a blossoming altar of Fedhas.
  6962 | D:7      | Found an iron altar of Okawaru.
  7075 | D:7      | Noticed Joseph
  7090 | D:7      | Killed Joseph
  7091 | D:7      | Reached skill level 9 in Unarmed Combat
  7515 | D:7      | Found a hide-covered altar of Uskayaw.
  7909 | D:7      | Gained mutation: You have a tail ending in a sharp stinger.
                  | [demonic ancestry]
  7909 | D:7      | Reached XP level 10. HP: 72/79 MP: 8/10
  8017 | D:7      | Identified the ring "Xezau" {rPois Int+4}
  8017 | D:7      | Noticed a gargoyle
  8026 | D:7      | Killed a gargoyle
  8030 | D:7      | Reached skill level 10 in Unarmed Combat
  8190 | D:7      | Identified the ring "Dyeh" {Drain Int+4 Dex+6 Slay+3}
  8210 | D:7      | Identified the ring of Kierol {rElec rF+ Will+ Dex+5
                  | Slay+3}
  8261 | D:7      | Identified the ring of Niypouq {Drain rPois MP-9 AC+4
                  | Int+7}
  8618 | D:8      | Noticed a two-headed ogre
  8763 | D:7      | Killed a two-headed ogre
  9301 | D:8      | Reached skill level 11 in Unarmed Combat
  9517 | D:8      | Noticed Psyche
  9822 | D:8      | Gained mutation: You are mostly covered in sharp spines.
                  | [demonic ancestry]
  9822 | D:8      | Reached XP level 11. HP: 39/85 MP: 4/11
 10020 | D:8      | Noticed Amaemon
 10037 | D:8      | Killed Amaemon
 11320 | D:9      | Found a runed translucent door.
 11393 | D:9      | Reached skill level 12 in Unarmed Combat
 11598 | D:9      | Found a hazy altar of Hepliaklqana.
 11602 | D:9      | Became a worshipper of Hepliaklqana the Forgotten
 11602 | D:9      | Reached * piety under Hepliaklqana
 11602 | D:9      | Reached ** piety under Hepliaklqana
 11603 | D:9      | Remembered your ancestor Rodica as a hexer
 11817 | D:9      | Identified the -1 hat "Hadut" {rElec rN+ Will-}
 11840 | D:9      | Found a runed translucent gate.
 11840 | D:9      | Found a runed translucent gate.
 11840 | D:9      | Found a runed translucent gate.
 11840 | D:9      | Found a runed translucent gate.
 11840 | D:9      | Found a runed translucent gate.
 11840 | D:9      | Found a runed translucent gate.
 11840 | D:9      | Noticed a boulder beetle
 11840 | D:9      | Noticed a boulder beetle
 11840 | D:9      | Noticed a lindwurm
 11870 | D:10     | Entered Level 10 of the Dungeon
 12143 | D:10     | Noticed a two-headed ogre
 12143 | D:10     | Noticed IdlyInterested's ghost (journeyman DsWn)
 12143 | D:10     | Noticed a two-headed ogre
 12146 | D:10     | Noticed a tengu warrior
 12147 | D:10     | Found a bloodstained altar of Trog.
 12169 | D:10     | Found a transporter.
 12210 | D:10     | Found a transporter.
 12462 | D:10     | Found a staircase to the Lair.
 12592 | D:10     | Noticed a skeletal warrior
 12592 | D:10     | Noticed a skeletal warrior
 12592 | D:10     | Noticed a skeletal warrior
 12594 | D:10     | Noticed a skeletal warrior
 12598 | D:10     | Killed a skeletal warrior
 12599 | D:10     | Reached skill level 10 in Fighting
 12774 | D:10     | Killed a skeletal warrior
 12796 | D:10     | Killed a skeletal warrior
 12797 | D:10     | Reached XP level 12. HP: 36/87 MP: 6/12
 13132 | D:11     | Found Opomuo's Antique Weapon Boutique.
 13143 | D:11     | Reached skill level 13 in Unarmed Combat
 13198 | D:11     | Found Benorch's Armour Boutique.
 13322 | D:11     | Found Wakk's Assorted Antiques.
 13330 | D:11     | Bought a scroll labelled BULYGI ZUXUA for 23 gold pieces
 13332 | D:11     | Found Qegayt's Distillery.
 13356 | D:11     | Bought a potion of heal wounds for 85 gold pieces
 13356 | D:11     | Bought a potion of heal wounds for 85 gold pieces
 13356 | D:11     | Bought a potion of curing for 51 gold pieces
 13356 | D:11     | Bought a potion of heal wounds for 85 gold pieces
 13952 | D:11     | Reached *** piety under Hepliaklqana
 14075 | D:11     | Found a staircase to the Orcish Mines.
 14083 | D:11     | Found Byrifeq's Book Shop.
 14226 | D:11     | Reached skill level 10 in Armour
 14324 | D:11     | Noticed a two-headed ogre
 14328 | D:11     | Killed a two-headed ogre
 14474 | Lair:1   | Entered Level 1 of the Lair of Beasts
 15501 | Lair:2   | Reached **** piety under Hepliaklqana
 16192 | Lair:3   | Reached skill level 14 in Unarmed Combat
 16208 | Lair:3   | Reached skill level 1 in Invocations
 16318 | Lair:3   | Noticed a boulder beetle
 16323 | Lair:3   | Noticed a catoblepas
 16336 | Lair:3   | Killed a boulder beetle
 16340 | Lair:3   | Killed a catoblepas
 16543 | Lair:3   | Found a staircase to the Swamp.
 16716 | Lair:3   | Gained mutation: You have a pair of small antennae on your
                  | head. [demonic ancestry]
 16716 | Lair:3   | Reached XP level 13. HP: 95/95 MP: 15/15
 16767 | Lair:3   | Found a burning altar of Makhleb.
 16900 | Lair:3   | Found a hole to the Spider Nest.
 17225 | Lair:3   | Reached skill level 1 in Shields
 17633 | Lair:4   | Found a viscous altar of Jiyva.
 17634 | Lair:4   | Found a staircase to the Slime Pits.
 17671 | Lair:4   | Reached skill level 5 in Invocations
 17845 | Lair:4   | Found a runed translucent door.
 17871 | Lair:4   | Reached skill level 15 in Unarmed Combat
 17991 | Lair:4   | Reached ***** piety under Hepliaklqana
 19548 | Lair:5   | Entered Level 5 of the Lair of Beasts
 20255 | Lair:5   | Reached XP level 14. HP: 104/104 MP: 17/17
 20419 | Lair:5   | Reached skill level 16 in Unarmed Combat
 20639 | Lair:5   | Reached skill level 5 in Shields
 20642 | Lair:5   | Found a runed translucent door.
 20653 | Lair:5   | Gained mutation: You are agile. (Dex +4, Str/Int -1)
                  | [potion of mutation]
 20653 | Lair:5   | Gained mutation: You are robust. (+10% HP) [potion of
                  | mutation]
 20653 | Lair:5   | Gained mutation: You are dopey. (Int -2) [potion of
                  | mutation]
 20653 | Lair:5   | Lost mutation: You are dopey. (Int -2) [potion of mutation]
 22271 | Orc:1    | Entered Level 1 of the Orcish Mines
 22382 | Orc:2    | Entered Level 2 of the Orcish Mines
 22382 | Orc:2    | Noticed an orc warlord
 22682 | Orc:1    | Killed an orc warlord
 22922 | Orc:2    | Found a radiant altar of Vehumet.
 23060 | Orc:2    | Found a staircase to the Elven Halls.
 23378 | Orc:2    | Noticed Sonja
 23381 | Orc:2    | Killed Sonja
 23586 | Orc:2    | Noticed Saint Roka
 23603 | Orc:2    | Reached skill level 17 in Unarmed Combat
 23635 | Orc:2    | Noticed Jorgrun
 24297 | Orc:2    | Killed Saint Roka
 25066 | Orc:2    | Killed Jorgrun
 26007 | Orc:2    | Reached XP level 15. HP: 117/125 MP: 20/20
 26193 | Orc:2    | Found Qiwyuc's Armour Shop.
 26196 | Orc:2    | Found Riuqin's Distillery.
 26197 | Orc:2    | Found Rankim's Antique Weapon Shop.
 26198 | Orc:2    | Found Oqyoceac's Book Shop.
 26202 | Orc:2    | Bought a potion of curing for 39 gold pieces
 26205 | Orc:2    | Bought a +2 hat for 272 gold pieces
 26356 | D:11     | Bought the +5 robe of Night {Dark Will+ SInv} for 960 gold
                  | pieces
 26356 | D:11     | Found the +5 robe of Night {Dark Will+ SInv}
 26893 | D:12     | Reached skill level 1 in Spellcasting
 27011 | D:12     | Reached ****** piety under Hepliaklqana
 27046 | D:12     | Found Zin's Purification Station.
 27053 | D:12     | Bought a potion of curing for 90 gold pieces
 27704 | D:13     | Found a gate to the Vaults.
 27747 | D:13     | Identified the +4 ring mail "Zal Okhla" {rN+}
 28110 | D:13     | Got the Treatise on the Caves
 29427 | D:14     | Found a snail-covered altar of Cheibriados.
 29435 | D:14     | Found Cheibriados's Comfort Zone.
 30054 | D:15     | Entered Level 15 of the Dungeon
 30370 | D:15     | Reached skill level 18 in Unarmed Combat
 30444 | D:15     | Identified the amulet of Ophetuxt {Regen+ Str+2 Dex+4}
 31123 | D:15     | Found a staircase to the Depths.
 31132 | D:15     | Reached XP level 16. HP: 73/134 MP: 22/22
 31656 | Swamp:1  | Entered Level 1 of the Swamp
 31947 | Swamp:1  | Reached skill level 5 in Dodging
 32975 | Swamp:2  | Reached skill level 5 in Stealth
 34196 | D:10     | Killed IdlyInterested's ghost
 34212 | D:10     | Identified the +8 great sword "Dora" {antimagic, rPois
                  | Str-5 Int+8 Stlth+}
 34344 | D:13     | Learned a level 2 spell: Blink
 34348 | D:13     | Learned a level 3 spell: Vampiric Draining
 34616 | D:15     | Reached skill level 5 in Spellcasting
 34801 | D:15     | Reached skill level 1 in Necromancy
 34984 | Depths:1 | Entered Level 1 of the Depths
 34990 | Depths:1 | Reached skill level 1 in Translocations
 35188 | Depths:1 | Noticed a sphinx
 35195 | Depths:1 | Killed a sphinx
 35214 | Depths:1 | Noticed a tengu reaver
 36778 | Swamp:3  | HP: 1/134 [goliath frog[a spriggan druid] (34)]
 36778 | Swamp:3  | Splashed by a goliath frog's acid

Illustrated notes

Levels and vault maps discovered:
D:1:      wander_arrival_peaceful_grave, layout_basic,
          ebering_ecumenical_altar_webs
D:2:      layout_basic, serial_shops, shop, grunt_ministairs_6,
          uniq_crazy_yiuf_cottage, uniq_natasha
D:3:      layout_rooms, serial_aquarium, aquarium_bridge_straight
          [aquarium_subvault_bridge, aquarium_subvault_wall,
          aquarium_subvault_bridge, aquarium_subvault_window],
          aquarium_window_2, aquarium_window_corridor_3, aquarium_view_2f,
          aquarium_pool_2, grunt_decor_resistance, kennysheep_generic_room_14
D:4:      layout_loops_ring, minmay_temple_entry_hall, serial_co_window_serial,
          co_window_of_opportunity_a, co_window_paths_b, co_window_paths_b,
          co_window_paths_a, co_window_paths_b, co_window_corner_cb,
          co_window_paths_c, co_window_cross_4, co_window_unsneaky_path_b,
          co_window_cross_4, co_window_corner_b, glass_columns_a, uniq_edmund,
          uniq_robin, uniq_duvessa, uniq_sigmund, uniq_pikel
D:5:      layout_cave_pods, pdpol_wu_jian_five_deadly_venoms
D:6:      layout_rooms, minmay_overflow_temple_star_quad, minmay_misc_feat_room,
          uniq_menkaure, uniq_maggie
D:7:      minmay_the_grid_triangle_9x9_rhombus_thin
          [minmay_the_grid_triangle_9x9_wacky_v,
          minmay_the_grid_triangle_9x9_prize_special,
          minmay_the_grid_triangle_9x9_corrupted_corridor,
          minmay_the_grid_triangle_9x9_semitri], layout_basic,
          mainiacjoe_overflow_alcove_1, okawaru_gym_becter, uniq_joseph
D:8:      layout_basic, minmay_starry_boxes, uniq_psyche, uniq_amaemon
D:9:      gammafunk_indiana_jones, layout_cave_pools,
          nzn_hepliaklqana_mist_gate, chequers_jeans
D:10:     layout_irregular_city, grunt_lair_entry_orc_guard_hut,
          gammafunk_ghost_wrathful_warriors
D:11:     layout_long_grid, orc_0_dummy, serial_shops, nicolae_shop_crystal,
          shop, shop, shop, nicolae_stop_n_shop_1
D:12:     layout_irregular_city, zin_purify
D:13:     layout_loops_corners, erik_vaults_1, serial_bayou,
          serial_bayou_pond_c, serial_bayou_crossing, serial_bayou_pond_a,
          serial_bayou_pond_e
D:14:     layout_roguey, serial_park_square1 [serial_park_minivault_5x5_6],
          minmay_shop_chei, corexii_hall_statues_deadend, grunt_ministairs_11
D:15:     grunt_enter_depths_magical_seal, layout_stronghold,
          chequers_serial_rivers_micro_a, minmay_rotating_lava
Temple:   hellmonk_temple_divided_pantheon
Lair:1:   layout_cave_pods, grunt_megastairs_1
Lair:2:   layout_layer_cave, nicolae_quartered_pool_super,
          infiniplex_staircase_pool_2
Lair:3:   layout_roguey, swamp_mist_pool, nicolae_spider_entry_tight_spaces,
          lemuel_oklob_altar
Lair:4:   layout_cave_pods, minmay_slime_entry_pillars, basic_altar,
          pf_torpor_hydra
Lair:5:   hangedman_lair_tendril_chambers, layout_cave_shapes, wormcave
Swamp:1:  layout_basic_swamp, evilmike_swamp_ruin_rubble_1
Swamp:2:  layout_falls_marsh, nicolae_swamp_tree_designs, swamp_pool1
Swamp:3:  cheibrodos_swamp_heart_of_darkness, layout_falls_marsh,
          evilmike_swamp_ruin_house_1
Orc:1:    layout_diamond_mine
Orc:2:    st_orc_pillars, layout_caves, basic_altar, uniq_jorgrun,
          uniq_saint_roka, uniq_sonja
Depths:1: layout_basic, serial_shops, bzr_entry_customers, abyss_entry_crystal,
          hellmouth_1, minivault_1, minmay_misc_feat_more_columns,
          hangedman_aviary

Skill      XL: |  1  2  3  4  5  6  7  8  9 10 11 12 13 14 15 16 |
---------------+-------------------------------------------------+-----
Fighting       | 4 5 6 7 8 10 11 12 13 14 | 14.9
Armour         | 1 2 3 4 6 7 8 9 10 | 10.3
Unarmed Combat | 4 5 7 9 11 12 14 15 17 18 | 18.9
Invocations    | 3 5 7 8 |  8.0
Shields        | 4 6 7 8 |  8.3
Dodging        | 4 6 |  6.1
Spellcasting   | 3 5 |  5.4
Stealth        | 4 5 |  5.6
Necromancy     | 2 |  2.3
Translocations | 2 |  2.0

Action                   |  1- 3 |  4- 6 |  7- 9 | 10-12 | 13-15 | 16-18 || total
-------------------------+-------+-------+-------+-------+-------+-------++-------
Melee: Unarmed           |    88 |   113 |   243 |   387 |   853 |   292 ||  1976
       Punch             |     3 |     3 |    12 |    36 |       |       ||    54
       Tailslap          |       |       |    14 |    70 |   188 |    72 ||   344
Throw: Dart              |       |       |       |       |       |     9 ||     9
Invok: Ancestor Life: He |       |       |       |     1 |       |       ||     1
       Recall Ancestor   |       |       |       |     1 |    16 |     4 ||    21
Evoke: Wand              |       |       |       |       |       |    32 ||    32
  Use: Scroll            |       |     4 |     4 |    15 |     4 |     4 ||    31
       Potion            |       |     1 |       |     3 |     6 |     4 ||    14
 Stab: Sleeping          |     4 |       |       |       |     5 |       ||     9
       Confused          |       |       |       |     5 |    22 |     6 ||    33
       Distracted        |       |       |       |     5 |    34 |     8 ||    47
       Petrifying        |       |       |       |       |     1 |       ||     1
       Paralysed         |       |       |       |       |    18 |    21 ||    39
Armor: Robe              |    14 |       |       |       |    62 |    48 ||   124
       Scale mail        |     4 |    30 |    23 |       |       |       ||    57
       Plate armour      |       |       |    77 |   216 |   258 |       ||   551
Dodge: Dodged            |    46 |    46 |    79 |    99 |   218 |   170 ||   658
Block: Buckler           |       |       |       |       |   227 |    90 ||   317

Table legend: (Time is in decaauts)
 A = Elapsed time spent in this place.
 B = Non-inter-level travel time spent in this place.
 C = Inter-level travel time spent in this place.
 D = Time resting spent in this place.
 E = Time spent auto-exploring this place.
 F = Levels seen in this place.
 G = Mean time per level.
                   A        B        C        D        E       F      G
               +--------+--------+--------+--------+--------+-----+--------+
         Total |  36767 |  33587 |   3180 |   9444 |  18172 |  27 | 1361.7 |
       Dungeon |  21297 |  19117 |   2180 |   4208 |  11594 |  15 | 1419.8 |
        Temple |     38 |     29 |      9 |      0 |      0 |   1 |   38.0 |
          Lair |   8137 |   7450 |    687 |   1795 |   4640 |   5 | 1627.4 |
         Swamp |   2971 |   2787 |    184 |   1081 |    996 |   3 |  990.3 |
  Orcish Mines |   4094 |   3975 |    119 |   2291 |    940 |   2 | 2047.0 |
        Depths |    228 |    228 |      0 |     68 |      0 |   1 |  228.0 |
               +--------+--------+--------+--------+--------+-----+--------+

Top non-repeatable levels by time:
   Orc:2: 2684 daAuts
  Lair:5: 2458 daAuts
  Lair:4: 2242 daAuts
     D:8: 2120 daAuts
    D:15: 1964 daAuts
     D:7: 1868 daAuts
     D:4: 1736 daAuts
    D:10: 1638 daAuts
    D:13: 1588 daAuts
  Lair:3: 1532 daAuts
    D:11: 1467 daAuts
   Orc:1: 1409 daAuts
     D:2: 1380 daAuts
 Swamp:1: 1302 daAuts
     D:5: 1274 daAuts
